 Dungeon Crawl Stone Soup version 0.20.1-1-g8b1a95d (webtiles) character file.

4720 Llamajah the Protected (level 10, -4/79 HPs)
             Began as a Formicid Fighter on Aug 28, 2017.
             Was an Elder of Okawaru.
             Slain by a red ugly thing (10 damage)
             ... on level 9 of the Dungeon.
             The game lasted 00:24:21 (9790 turns).

Llamajah the Protected (Formicid Fighter)           Turns: 9790, Time: 00:24:22

Health: -4/79      AC: 13    Str: 25    XL:     10   Next: 73%
Magic:  10/10      EV:  9    Int:  7    God:    Okawaru [****..]
Gold:   316        SH:  0    Dex: 10    Spells: 9/9 levels left

rFire    + + .     SeeInvis +   a - +1 flail
rCold    . . .     Gourm    .   c - +0 shield
rNeg     . . .     Faith    .   e - +0 plate armour
rPois    +         Spirit   .   (helmet unavailable)
rElec    .         Reflect  .   y - +0 cloak
rCorr    .         Harm     .   d - +0 pair of gloves
MR       +....                  l - +0 pair of boots
Stlth    ..........             (no amulet)
Regen    0.3/turn               x - ring of poison resistance
MPRegen  0.2/turn               w - ring of protection from fire

@: confused
A: permanent stasis, dig shafts and tunnels, four strong arms, antennae 3,
deformed body, fire resistance 1, wild magic 1
a: Dig, Shaft Self, Heroism, Renounce Religion


You were on level 9 of the Dungeon.
You worshipped Okawaru.
Okawaru was greatly pleased with you.
You were not hungry.

You visited 2 branches of the dungeon, and saw 10 of its levels.

You collected 316 gold pieces.

Inventory:

Hand Weapons
 a - a +1 flail (weapon)
 g - a +0 hand axe of draining
Missiles
 u - 30 sling bullets
Armour
 c - a +0 shield (worn)
 d - a +0 pair of gloves (worn)
 e - a +0 plate armour (worn)
 l - a +0 pair of boots (worn)
 y - a +0 cloak (worn)
Jewellery
 w - a ring of protection from fire (right hand)
 x - a ring of poison resistance (left hand)
Scrolls
 i - a scroll of enchant weapon
 k - a scroll of fear
 m - a scroll of amnesia
 n - a scroll of brand weapon {unknown}
 o - 3 scrolls of remove curse
 p - 3 scrolls of teleportation {unknown}
 q - a scroll of immolation {unknown}
 r - 6 scrolls of identify {unknown}
 s - a scroll of random uselessness {unknown}
 v - a scroll of fog {unknown}
Potions
 j - a potion of brilliance
 z - a potion of lignification
 A - 2 potions of flight
Comestibles
 f - 4 bread rations
 h - 7 royal jellies
 t - 3 meat rations
 B - 4 fruits
 C - 4 chunks of flesh


   Skills:
 + Level 7.6 Fighting
 + Level 6.2 Maces & Flails
 * Level 10.1 Armour
 + Level 5.6 Dodging
 + Level 8.1 Shields


You had 9 spell levels left.
You didn't know any spells.

Dungeon Overview and Level Annotations

Branches:
Dungeon (9/15)             Temple (1/1) D:4
   Lair: D:8-11         Orc: D:9-12

Altars:
Ashenzari
Cheibriados
Dithmenos
Elyvilon
Fedhas
Gozag
Hepliaklqana
Kikubaaqudgha
Makhleb
Nemelex Xobeh
Okawaru
Qazlal
Ru
Sif Muna
Trog
Uskayaw
Vehumet
Xom
Yredelemnul
Zin
The Shining One

Shops:
D:7 [


Innate Abilities, Weirdness & Mutations

You cannot be hasted, slowed, berserked, paralysed or teleported.
You can dig through walls and to a lower floor.
Your four strong arms can wield two-handed weapons with a shield.
You have a pair of large antennae on your head. (SInv)
Armour fits poorly on your strangely shaped body.
Your flesh is heat resistant. (rF+)
Your spells are a little harder to cast, but a little more powerful.


Message History

You feel like a meek peon again.
The red ugly thing tail-slaps you but does no damage.
The orc shouts!
The red ugly thing tail-slaps you!
* * * LOW HITPOINT WARNING * * *
You are engulfed in flames!
You resist.
* * * LOW HITPOINT WARNING * * *
The red ugly thing completely misses you.
You see here 4 large rocks.
You see here 12 bolts.
The red ugly thing barely misses you.
Things that are here:
a giant club; a giant spiked club You are confused.
You feel invigorated. The red ugly thing tail-slaps you!
* * * LOW HITPOINT WARNING * * *
You are engulfed in flames.
You resist.
* * * LOW HITPOINT WARNING * * *
You bump into the rock wall.
The red ugly thing tail-slaps you!
You die...

#.# #.# #.# #.#
#.# #.# #o# #u#
#@#
#.################
#................#
################.#
#........#.#
#.######.#.# #.#
#.#.# #.# #.#.#
#.# #.#.#


You could see a red ugly thing and an orc.

Vanquished Creatures
  A two-headed ogre (D:9)
  The ghost of Llamajah the Shield-Bearer, a novice FoFi of Okawaru (D:7)
  A hornet (D:7)
  Grinder (D:6)
  A wyvern (D:9)
  The ghost of zambezius the Chiller, an amateur DrIE (D:5)
  Menkaure (D:4)
  An eye of draining (D:9)
  6 ogres
  2 centaurs
  Blork the orc (D:3)
  The ghost of centipede the Covert, an amateur SpAs (D:3)
  2 gnoll sergeants
  2 bullfrogs (D:8)
  3 scorpions
  5 killer bees (D:8)
  A howler monkey (D:4)
  3 crimson imps
  2 bullfrog zombies
  A gnoll shaman (D:5)
  5 hounds
  9 orc wizards
  Crazy Yiuf (D:4)
  6 orc priests
  2 bullfrog skeletons
  3 centaur skeletons
  An iguana (D:4)
  8 worker ants
  13 gnolls
  7 adders
  2 oozes (D:4)
  An adder zombie (D:5)
  2 adder skeletons
  A worm (D:3)
  A dart slug (D:3)
  4 leopard geckos
  37 orcs
  4 giant cockroaches
  5 hobgoblins
  8 jackals
  4 quokkas
  3 ball pythons
  9 bats
  5 frilled lizards
  6 goblins
  4 kobolds (D:1)
  2 quokka skeletons
  24 rats
214 creatures vanquished.

Notes
Turn   | Place    | Note
-------+----------+-------------------------------------------
     0 | D:1      | Llamajah the Formicid Fighter began the quest for the Orb.
     0 | D:1      | Reached XP level 1. HP: 18/18 MP: 1/1
   246 | D:1      | Reached XP level 2. HP: 21/24 MP: 2/2
   782 | D:1      | Reached XP level 3. HP: 30/30 MP: 3/3
  1273 | D:2      | Reached skill level 4 in Armour
  1379 | D:2      | Reached XP level 4. HP: 34/37 MP: 4/4
  2004 | D:3      | Reached skill level 1 in Dodging
  2205 | D:3      | Noticed an ogre
  2211 | D:3      | Killed an ogre
  2211 | D:3      | Reached XP level 5. HP: 3/42 MP: 5/5
  2359 | D:3      | Noticed centipede's ghost (amateur SpAs)
  2404 | D:3      | Killed centipede's ghost
  2404 | D:3      | Reached XP level 6. HP: 22/49 MP: 6/6
  2672 | D:3      | Reached skill level 5 in Armour
  2933 | D:4      | Noticed Menkaure
  2933 | D:4      | Noticed Blork the orc
  3269 | D:4      | Noticed an ogre
  3305 | D:4      | Reached XP level 7. HP: 41/55 MP: 7/7
  3315 | D:3      | Killed Blork the orc
  3479 | D:3      | Reached skill level 5 in Fighting
  3581 | D:4      | Reached skill level 5 in Shields
  3689 | D:4      | Found a staircase to the Ecumenical Temple.
  3721 | D:4      | Reached skill level 6 in Armour
  3743 | Temple   | Entered the Ecumenical Temple
  4057 | Temple   | Became a worshipper of Warmaster Okawaru
  4271 | D:4      | Reached XP level 8. HP: 53/62 MP: 8/8
  4279 | D:4      | Killed Menkaure
  4606 | D:4      | Found a runed door.
  4610 | D:4      | Noticed Crazy Yiuf
  4619 | D:4      | Killed Crazy Yiuf
  4913 | D:5      | Entered Level 5 of the Dungeon
  4953 | D:5      | Reached * piety under Okawaru
  5072 | D:5      | Noticed zambezius's ghost (amateur DrIE)
  5095 | D:5      | Reached skill level 7 in Armour
  5445 | D:5      | Gained mutation: Your system is resistant to poisons. (rPois) [potion of mutation]
  5445 | D:5      | Lost mutation: Your system is resistant to poisons. (rPois) [potion of mutation]
  5445 | D:5      | Gained mutation: You do not regenerate when monsters are visible. [potion of mutation]
  5445 | D:5      | Gained mutation: You evolve. [potion of mutation]
  5446 | D:5      | Lost mutation: You do not regenerate when monsters are visible. [potion of mutation]
  5446 | D:5      | Lost mutation: You evolve. [potion of mutation]
  5446 | D:5      | Gained mutation: You are clumsy. (Dex -2) [potion of mutation]
  5446 | D:5      | Gained mutation: You are frail. (-10% HP) [potion of mutation]
  5446 | D:5      | Lost mutation: You are clumsy. (Dex -2) [potion of mutation]
  5491 | D:5      | Killed zambezius's ghost
  5491 | D:5      | Reached XP level 9. HP: 9/62 MP: 9/9
  5998 | D:6      | Reached ** piety under Okawaru
  6124 | D:6      | Noticed Grinder
  6165 | D:6      | Killed Grinder
  6165 | D:6      | Reached skill level 8 in Armour
  6340 | D:6      | Reached skill level 5 in Maces & Flails
  6965 | D:7      | Lost mutation: You are frail. (-10% HP) [potion of mutation]
  6965 | D:7      | Gained mutation: Your spells are a little harder to cast, but a little more powerful. [potion of mutation]
  6965 | D:7      | Gained mutation: Armour fits poorly on your strangely shaped body. [potion of mutation]
  6965 | D:7      | Gained mutation: Your flesh is heat resistant. (rF+) [potion of mutation]
  7098 | D:7      | Found Eptitwaann's Armour Boutique.
  7222 | D:7      | Noticed Llamajah's ghost (novice FoFi)
  7248 | D:7      | Killed Llamajah's ghost
  7248 | D:7      | Reached skill level 9 in Armour
  7352 | D:7      | Reached XP level 10. HP: 74/77 MP: 10/10
  7381 | D:7      | Reached *** piety under Okawaru
  8202 | D:8      | Reached skill level 5 in Dodging
  9536 | D:9      | Noticed a two-headed ogre
  9581 | D:9      | Killed a two-headed ogre
  9581 | D:9      | Reached **** piety under Okawaru
  9581 | D:9      | Reached skill level 10 in Armour
  9736 | D:9      | Noticed a red ugly thing
  9789 | D:9      | HP: 2/79 [red ugly thing (6)]
  9790 | D:9      | Slain by a red ugly thing

Skill      XL: |  1  2  3  4  5  6  7  8  9 10 |
---------------+-------------------------------+-----
Fighting       | 4 5 6 7 |  7.6
Armour         | 4 5 6 7 9 10 | 10.1
Shields        | 4 5 6 7 8 |  8.1
Dodging        | 1 2 3 4 5 |  5.6
Maces & Flails | 3 4 5 6 |  6.2

Action                   |  1- 3 |  4- 6 |  7- 9 | 10-12 || total
-------------------------+-------+-------+-------+-------++-------
Melee: Flail             |    92 |   202 |   517 |   266 ||  1077
Invok: Heroism           |       |       |     1 |     1 ||     2
 Abil: Dig               |       |       |     3 |       ||     3
  Use: Potion            |       |     1 |    17 |     2 ||    20
       Scroll            |       |       |     6 |       ||     6
 Stab: Invisible         |       |       |     1 |     1 ||     2
  Eat: Chunk             |     1 |     4 |    13 |     8 ||    26
       Meat ration       |       |     1 |       |       ||     1
Armor: Scale mail        |    55 |   112 |    74 |       ||   241
       Plate armour      |       |       |   144 |   129 ||   273
       Skin              |       |       |    20 |       ||    20
Dodge: Dodged            |    41 |    76 |   178 |   120 ||   415
Block: Shield            |    55 |   119 |   266 |   199 ||   639
